Map: Dusk Towers

Players

Reynor - Winner!

  • Race: Zerg Zerg
  • League: Grandmaster

Avokado

  • Race: Terran Terran
  • League: Master

Event: DreamHack ROCCAT LotV Championship

VOD

Have the link to the VOD?

Description

Time

  • Played on: Nov. 26, 2015, 8:16 a.m.
  • Length: 10:52

All games in this series

Show
View Real Time Build Order
Export as new Build Order

Reynor Zerg - Winner!

Build Orders: Hatch First, Muta Ling Bane 

Get SALT Encoding   

  12  0:01  Drone  
  13  0:12  Overlord  
  13  0:18  Drone  
  14  0:29  Extractor  
  14  0:30  Drone  
  14  0:33  Drone  
  16  0:36  Drone  
  17  0:54  Hatchery  
  16  0:57  Drone  
  16  1:00  Drone  
  16  1:02  Extractor  
  17  1:15  Spawning Pool  
  16  1:18  Drone  
  16  1:22  Drone  
  18  1:28  Drone  
  19  1:39  Overlord  
  19  1:51  Drone  
  20  2:02  Queen  
  20  2:05  Metabolic Boost, Zergling x2  
  20  2:07  Queen  
  25  2:12  Zergling x2  
  25  2:14  Drone  
  27  2:17  Drone  
  27  2:22  Zergling x2  
  29  2:28  Drone  
  30  2:32  Drone  
  31  2:43  Drone  
  32  2:50  Overlord  
  31  2:54  Drone  
  31  2:57  Hatchery  
  31  3:02  Drone x2  
  31  3:04  Queen  
  35  3:11  Zergling x4  
  37  3:19  Zergling x2  
  38  3:20  Drone x4  
  38  3:23  Overlord  
  38  3:25  Drone  
  43  3:36  Baneling Nest  
  43  3:38  Drone  
  43  3:39  Overlord  
  43  3:49  Extractor  
  43  3:50  Drone  
  43  3:51  Overlord  
  43  3:57  Drone, Queen  
  43  3:58  Drone x4  
  43  4:02  Drone  
  51  4:12  Drone  
  52  4:18  Drone  
  52  4:19  Drone x3, Queen  
  58  4:25  Drone  
  58  4:27  Spore Crawler  
  58  4:28  Drone x3  
  61  4:35  Spore Crawler  
  61  4:36  Zergling x4  
  61  4:37  Baneling x2  
  61  4:38  Drone x3  
  65  4:41  Overlord  
  65  4:49  Evolution Chamber  
  65  4:51  Drone  
  65  4:54  Overlord  
  65  4:57  Evolution Chamber, Drone  
  65  5:01  Drone x4  
  65  5:03  Drone  
  65  5:05  Drone x4  
  74  5:14  Drone x2  
  74  5:15  Drone  
  74  5:16  Zerg Ground Armor Level 1  
  74  5:19  Zergling x8  
  78  5:23  Drone x2, Zerg Melee Weapons Level 1  
  78  5:24  Drone  
  78  5:26  Spore Crawler  
  80  5:29  Drone x2  
  80  5:35  Overlord  
  82  5:45  Overlord  
  82  5:47  Extractor  
  82  5:48  Lair, Extractor  
  80  5:54  Overlord  
  80  5:57  Drone x4  
  80  5:58  Hatchery  
  80  5:59  Drone x5  
  80  6:00  Zergling x6, Extractor  
  80  6:01  Extractor  
  89  6:05  Overlord, Zergling x4  
  91  6:12  Overlord  
  91  6:14  Zergling x8  
  95  6:22  Zergling x2  
  95  6:23  Baneling, Zergling x4  
  95  6:24  Baneling x6  
  95  6:25  Drone x5  
  101  6:26  Drone  
  101  6:31  Zergling x2  
  105  6:34  Drone  
  106  6:40  Zergling x2  
  106  6:43  Queen  
  109  6:50  Spire  
  109  6:51  Drone, Centrifical Hooks  
  109  6:54  Drone x5  
  109  6:58  Overlord  
  114  7:07  Overlord  
  114  7:22  Drone x4  
  118  7:23  Zergling x6  
  118  7:25  Extractor, Zergling x6  
  118  7:27  Zergling x4  
  118  7:28  Zergling x10  
  130  7:30  Zerg Ground Armor Level 2  
  130  7:31  Zerg Melee Weapons Level 2  
  130  7:34  Overlord  
  130  7:36  Zergling x8  
  134  7:40  Hatchery, Zergling x4  
  134  7:41  Overseer  
  135  7:45  Extractor  
  135  7:49  Zergling x4  
  136  7:57  Zergling x18  
  144  8:05  Zergling x16  
  143  8:06  Baneling x2  
  143  8:11  Overlord  
  143  8:12  Zergling x2  
  140  8:17  Zergling x6  
  140  8:23  Hatchery  
  140  8:25  Baneling  
  140  8:26  Baneling x4  
  134  8:30  Zergling x18  
  139  8:37  Mutalisk x2  
  139  8:38  Mutalisk x3  
  139  8:40  Zergling x2  
  144  8:44  Mutalisk x5  
  148  8:49  Mutalisk, Baneling x2  
  148  8:53  Mutalisk x4  
  149  8:56  Zergling x2  
  149  8:58  Zergling x2  
  143  9:04  Mutalisk x2  
  143  9:06  Zergling x6  
  147  9:12  Mutalisk  
  147  9:14  Zergling x6  
  147  9:16  Baneling x3  
  151  9:26  Overlord x2  
  151  9:30  Baneling x2  
  150  9:34  Zergling x2  
  150  9:35  Zergling x12  
  133  9:47  Zergling x18  
  133  9:51  Baneling x3  
  133  9:52  Mutalisk x2, Baneling x4  
  141  9:54  Zergling x6  
  150  10:00  Baneling x3  
  150  10:01  Baneling  
  150  10:02  Zergling x8  
  150  10:03  Zergling x10  
  145  10:18  Zergling x10  
  145  10:19  Zergling x8  
  136  10:24  Mutalisk x4  
  136  10:25  Mutalisk  
  136  10:27  Zergling x8  
  137  10:29  Zergling x8  
  137  10:35  Zergling x2  
  139  10:38  Baneling  
Show
View Real Time Build Order
Export as new Build Order

Avokado Terran 

Build Orders: Reaper Expand, Bio Tank 

Get SALT Encoding   

  12  0:00  SCV  
  13  0:13  SCV  
  14  0:17  Supply Depot  
  14  0:25  SCV  
  15  0:39  SCV  
  15  0:40  Barracks  
  16  0:43  Refinery  
  16  0:51  SCV  
  17  1:03  SCV  
  18  1:18  SCV  
  19  1:28  Reaper  
  19  1:30  Orbital Command  
  20  1:40  Command Center  
  20  1:50  Supply Depot  
  20  1:53  Refinery  
  20  1:55  SCV  
  20  2:00  Barracks Reactor  
  21  2:08  SCV  
  22  2:20  SCV  
  22  2:21  Factory  
  23  2:32  SCV  
  23  2:37  Marine x2  
  27  2:44  SCV  
  27  2:53  Orbital Command  
  27  2:54  Marine  
  27  2:55  Marine  
  27  2:56  SCV  
  30  3:08  SCV  
  31  3:14  Marine x2  
  31  3:15  Factory Tech Lab, Starport  
  33  3:23  SCV x2  
  35  3:32  Marine x2  
  35  3:34  Siege Tank  
  40  3:35  SCV x2  
  42  3:47  SCV x2  
  44  3:54  Command Center  
  44  3:56  Supply Depot  
  44  4:00  Liberator  
  44  4:03  SCV x2  
  46  4:15  SCV  
  46  4:17  Marine x2  
  46  4:18  Siege Tank  
  54  4:29  Barracks  
  54  4:30  Engineering Bay, Barracks  
  54  4:33  Engineering Bay  
  54  4:39  Refinery  
  54  4:41  Refinery  
  54  4:44  Supply Depot  
  54  4:48  Liberator  
  54  4:51  Supply Depot  
  54  5:05  Siege Tank, Marine x2  
  54  5:06  SCV x2  
  64  5:07  Orbital Command  
  64  5:13  Terran Infantry Weapons Level 1  
  64  5:18  SCV x2  
  66  5:21  Terran Infantry Armor Level 1  
  66  5:23  Barracks Tech Lab  
  66  5:24  Barracks Tech Lab  
  66  5:30  SCV x2  
  68  5:40  Marine x2  
  68  5:41  Orbital Command  
  68  5:42  SCV, Siege Tank  
  72  5:44  SCV  
  72  5:50  Stimpack  
  72  5:53  Combat Shields, Barracks  
  72  5:55  Barracks  
  72  5:57  Marauder  
  72  5:59  Marine  
  72  6:00  Marine x2  
  72  6:01  Starport Reactor  
  72  6:03  SCV x2  
  80  6:11  SCV  
  80  6:15  SCV x2  
  80  6:17  Refinery  
  82  6:20  Refinery  
  82  6:23  SCV  
  82  6:24  Supply Depot  
  82  6:25  Supply Depot  
  83  6:27  SCV  
  83  6:28  SCV  
  83  6:29  Armory  
  85  6:43  Barracks Tech Lab  
  85  6:45  Barracks Reactor, Marine x2  
  85  6:46  SCV x2, Siege Tank, Marauder  
  85  6:47  Marauder  
  96  6:52  Medivac  
  98  6:56  SCV, Supply Depot  
  98  6:58  SCV  
  98  6:59  SCV  
  101  7:13  Supply Depot  
  101  7:17  Medivac, Marine  
  101  7:18  SCV, Terran Infantry Weapons Level 2, Marauder x2  
  101  7:19  Marine  
  101  7:20  Marine  
  108  7:23  SCV  
  109  7:33  Concussive Shells  
  109  7:34  SCV, Medivac, Marine x2  
  109  7:35  Marine  
  109  7:36  SCV x2  
  117  7:37  Supply Depot, Marine  
  117  7:38  Terran Infantry Armor Level 2, Marine  
  117  7:39  Marine x2  
  121  7:45  Supply Depot  
  121  7:46  Siege Tank  
  124  7:52  Marine  
  124  7:58  Medivac, Marine x3  
  125  7:59  Marauder  
  128  8:10  Marauder, Marine x2  
  132  8:16  Marine x3  
  132  8:18  Siege Tank  
  132  8:19  Marine  
  123  8:27  Marine  
  123  8:28  Marine  
  123  8:31  Marine  
  123  8:34  Marine x3  
  117  8:37  Marine  
  107  8:45  Marine x2  
  105  8:49  Marine  
  105  8:50  SCV x2  
  105  8:51  Siege Tank, Marine x3  
  105  8:55  Marine  
  102  9:03  Marine x2  
  102  9:05  SCV  
  102  9:06  Marine  
  102  9:08  Medivac  
  102  9:09  SCV, Marine  
  107  9:15  SCV  
  108  9:18  Marine  
  108  9:20  Marine x2  
  108  9:23  SCV, Siege Tank  
  115  9:25  SCV  
  115  9:30  Marine, Medivac  
  118  9:32  Marine  
  118  9:35  SCV  
  120  9:43  Marine x2  
  104  9:48  Marine x2  
  104  9:49  Marine  
  104  9:50  Marine  
  105  9:53  Medivac  
  105  9:55  Siege Tank  
  105  9:56  Marine  
  111  10:01  Marine x2  
  111  10:05  Marine  
  111  10:06  Marine  
  115  10:07  Marine  
  101  10:15  Marine  
  101  10:16  Marine  
  101  10:19  Medivac, Marine x2  
  96  10:23  Marine  
  96  10:25  Marine x2  
  82  10:33  Marine x2  

Tags
 
Add a new tag
Caveats
  • Supply blocks, unpowered buildings, or Contaminate may cause inaccurate times.
  • Supply counts are checked every 10 seconds.